Canadiens vs Penguins

Created - February 4, 2018 at 23:51

Goals
1 2 3 T
Canadiens 2 0 2 4
Penguins 0 1 4 5
Shots
1 2 3 T
Canadiens 12 6 14 32
Penguins 6 7 15 28

1st period

1. Canadiens , Dennis Wideman 4 (Sidney Crosby 37, Vitaly Vishnevsky 12) at 4:35 (PP)
2. Canadiens , Luke Schenn 4 (Dennis Wideman 12) at 14:48 (PP)

Penalties :
Brian McGrattan (Pit) for Interference (Minor) at 4:20, Steve Downie (Pit) for Hooking (Minor) at 14:12, Steven Stamkos (Pit) for Roughing (Minor) at 15:41

2nd period

3. Penguins , Steve Downie 17 (Sam Gagner 23) at 0:39

Penalties :
Steven Stamkos (Pit) for Hooking (Minor) at 3:34, Paul Ranger (Pit) for Roughing (Minor) at 8:19

3rd period

4. Penguins , Sam Gagner 15 (Dion Phaneuf 25, Sean Zimmerman 19) at 2:13
5. Canadiens , Evgeny Dadonov 9 (Jiri Tlusty 6, Maxim Kondratiev 6) at 8:51
6. Penguins , Sam Gagner 16 (Steve Downie 20, Sean Zimmerman 20) at 9:31
7. Penguins , Steven Stamkos 36 (Sam Gagner 24, Eric Gryba 9) at 13:47
8. Canadiens , Dustin Boyd 17 (Andrew Ebbett 7, Patrick Sharp 28) at 19:27
9. Penguins , Dominic Moore 7 (Dion Phaneuf 26, Simon Gagné 14) at 19:49

Penalties :
Steven Stamkos (Pit) for Interference (Minor) at 2:50, Dion Phaneuf (Pit) for Cross-checking (Minor) at 10:06, Simon Gagné (Pit) for Hooking (Minor) at 16:03

Goalie Stats

Jonathan Bernier (Mon), 23 saves from 28 shots - (0.821), L, 22-17-2, 59:39 minutes
Brian Elliott (Pit), 28 saves from 32 shots - (0.875), W, 21-13-4, 60:00 minutes

Players Stats for Canadiens

Player Name              G  A  P  +/- PIM S  H  SB GA TA FO     MP     PP MP  PK MP  
------------------------------------------------------------------------------------
Adam Pardy               0  0  0   0  0   1  1  2  0  4  0/0    16:30   4:21   0:00 
Andrew Ebbett            0  1  1   2  0   1  2  0  0  0  2/3     7:54   0:00   0:00 
Brett Maclean            0  0  0   0  0   2  2  0  0  0  1/1    10:56   0:11   0:00 
David Jones              0  0  0   0  0   2  1  1  0  0  0/0    11:39   0:11   0:00 
Dennis Wideman           1  1  2  -3  0   3  0  0  1  2  0/0    30:18   7:36   0:00 
Dustin Boyd              1  0  1   1  0   4  2  0  1  1  4/6    10:49   0:00   0:00 
Evgeny Dadonov           1  0  1  -3  0   6  4  0  0  0  0/0    14:05   0:11   0:00 
Greg Stewart             0  0  0  -1  0   1  2  0  0  1  0/0    21:55   5:24   0:00 
Jason Spezza             0  0  0  -4  0   1  1  0  1  0  7/18   17:56   5:24   0:00 
Jiri Tlusty              0  1  1   1  0   0  2  0  0  0  0/0    11:52   5:24   0:00 
Joe Pavelski             0  0  0  -1  0   2  5  0  0  1  1/3    24:06   7:10   0:00 
Ladislav Nagy            0  0  0   1  0   1  1  0  0  0  0/0     6:34   0:00   0:00 
Luke Schenn              1  0  1  -3  0   3  3  6  1  0  0/0    30:02   7:57   0:00 
Maxim Kondratiev         0  1  1   0  0   0  2  1  0  1  0/0    21:33   2:12   0:00 
Patrick Sharp            0  1  1  -3  0   0  2  1  1  0  0/0    20:35   7:10   0:00 
Sidney Crosby            0  1  1  -1  0   4  5  1  2  0  16/37  24:06   7:10   0:00 
Vitaly Vishnevsky        0  1  1   0  0   0  0  1  0  0  0/0     1:47   0:15   0:00 
Wes O'Neill              0  0  0  -1  0   1  0  0  0  0  0/0    17:23   3:09   0:00 

Players Stats for Penguins

Player Name              G  A  P  +/- PIM S  H  SB GA TA FO     MP     PP MP  PK MP  
------------------------------------------------------------------------------------
Andrew Cogliano          0  0  0   3  0   1  3  0  1  1  7/10   21:38   0:00   7:04 
Bobby Ryan               0  0  0   1  0   2  0  0  1  0  0/1    16:17   0:00   0:00 
Brian McGrattan          0  0  0  -1  2   3  1  0  0  0  0/0     9:29   0:00   0:00 
D.J King                 0  0  0   0  0   3  2  1  2  0  0/0    12:02   0:00   5:18 
Dion Phaneuf             0  2  2   2  2   1  1  2  0  1  0/0    27:04   0:00   6:07 
Dominic Moore            1  0  1   0  0   2  1  1  0  1  5/10   15:04   0:00   4:28 
Duncan Keith             0  0  0   0  0   1  1  2  1  0  0/0    21:34   0:00   6:07 
Eric Gryba               0  1  1   1  0   0  0  1  0  0  0/0    11:29   0:00   0:00 
Keith Aulie              0  0  0   0  0   3  1  1  1  1  0/0    19:58   0:00   5:10 
Max Pacioretty           0  0  0   1  0   2  0  1  0  0  0/1    17:46   0:00   0:53 
Paul Ranger              0  0  0   1  2   0  1  2  0  1  0/0    12:17   0:00   0:31 
Riley Sheahan            0  0  0   0  0   0  0  0  0  0  0/4     5:54   0:00   0:00 
Ryan Callahan            0  0  0   0  0   1  0  0  2  0  0/0     5:54   0:00   0:00 
Sam Gagner               2  2  4   2  0   2  0  0  1  0  11/16  15:35   0:00   1:41 
Sean Zimmerman           0  2  2   2  0   0  3  0  1  0  0/0    28:33   0:00   7:35 
Simon Gagné              0  1  1   0  2   3  1  0  0  1  1/1    15:40   0:00   6:06 
Steve Downie             1  1  2   3  2   1  0  1  0  0  0/0    13:26   0:00   0:00 
Steven Stamkos           1  0  1   0  6   3  2  0  0  1  13/25  17:27   0:00   0:00 

3 Stars

1 - Sam Gagner (Pit)
2 - Steve Downie (Pit)
3 - Sean Zimmerman (Pit)

Power Play

Canadiens - 2 on 8 Attempt(s) - 25.00%
Penguins - 0 on 0 Attempt(s) - 0.00%

Penalty Kill

Canadiens - 0 on 0 Attempt(s) - 0.00% - Score 0 goal in Penalty Kill
Penguins - 6 on 8 Attempt(s) - 75.00% - Score 0 goal in Penalty Kill

Team Stat

Canadiens - Hits : 35 - Faceoff Wins : 31 - Blocked Shots : 13 - Penalty Minutes : 0
Penguins - Hits : 17 - Faceoff Wins : 37 - Blocked Shots : 12 - Penalty Minutes : 16

Official

Referees : VanMassenhoven Don and Jackson Dave
Linesman : Steve Miller and Pierre Champoux

Game Notes

Vitaly Vishnevsky is injured at 6:10 of 1st period (Right Foot)

Finance

Level 1 -- Attendance: 5599 (93.32%) -- Ticket Income $459,118
Level 2 -- Attendance: 4841 (96.82%) -- Ticket Income $217,845
Level 3 -- Attendance: 1886 (94.30%) -- Ticket Income $62,238
Level 4 -- Attendance: 3621 (90.53%) -- Ticket Income $90,525
Luxury Box -- Attendance: 1000 (100.00%) -- Ticket Income $160,000
Game was played at the Igloo.
Total Attendance: 16947 (94.15%)
Total Ticket Income: $989,726
Other Income: $148,459
Total Income: $1,138,185

Canadiens

5 vs 5 Forward 
   Center                   Left Wing                Right Wing               Time % Phy DF OF 
 1 Sidney Crosby            Greg Stewart             Joe Pavelski             40     1   2  2  
 2 Jason Spezza             Patrick Sharp            Evgeny Dadonov           30     1   2  2  
 3 Dustin Boyd              Brett Maclean            David Jones              20     1   2  2  
 4 Andrew Ebbett            Ladislav Nagy            Jiri Tlusty              10     1   2  2  

5 vs 5 Defense 
   Defense                  Defense                                           Time % Phy DF OF 
 1 Luke Schenn              Dennis Wideman                                    40     1   2  2  
 2 Vitaly Vishnevsky        Adam Pardy                                        30     1   2  2  
 3 Wes O'Neill              Maxim Kondratiev                                  20     1   2  2  
 4 Luke Schenn              Dennis Wideman                                    10     1   2  2  

PowerPlay Forward 
   Center                   Left Wing                Right Wing               Time % Phy DF OF 
 1 Sidney Crosby            Patrick Sharp            Joe Pavelski             60     1   2  2  
 2 Jason Spezza             Greg Stewart             Jiri Tlusty              40     1   2  2  

PowerPlay Defense
   Defense                  Defense                                           Time % Phy DF OF 
 1 Dennis Wideman           Vitaly Vishnevsky                                 60     1   2  2  
 2 Wes O'Neill              Luke Schenn                                       40     1   2  2  

Penalty Kill 4 Players Forward 
   Center                   Wing                     Time % Phy DF OF 
 1 Jason Spezza             David Jones              60     1   2  2  
 2 Andrew Ebbett            Greg Stewart             40     1   2  2  

Penalty Kill 4 Players Defense
   Defense                  Defense                  Time % Phy DF OF 
 1 Adam Pardy               Maxim Kondratiev         60     1   2  2  
 2 Wes O'Neill              Luke Schenn              40     1   2  2  

Penalty Kill - 3 Players Forward 
   Forward                                           Time % Phy DF OF 
 1 Jason Spezza                                      60     1   2  2  
 2 Andrew Ebbett                                     40     1   2  2  

Penalty Kill - 3 Players Defense
   Defense                  Defense                  Time % Phy DF OF 
 1 Adam Pardy               Maxim Kondratiev         60     1   2  2  
 2 Wes O'Neill              Luke Schenn              40     1   2  2  

4 vs 4 Forward 
   Center                   Wing                     Time % Phy DF OF 
 1 Sidney Crosby            Patrick Sharp            60     1   2  2  
 2 Jason Spezza             Greg Stewart             40     1   2  2  

4 vs 4 Defense
   Defense                  Defense                  Time % Phy DF OF 
 1 Vitaly Vishnevsky        Luke Schenn              60     1   2  2  
 2 Wes O'Neill              Maxim Kondratiev         40     1   2  2  

Last Minutes Offensive
   Center                   Left Wing                Right Wing               Defense                  Defense                  
   Sidney Crosby            Patrick Sharp            Joe Pavelski             Dennis Wideman           Luke Schenn              

Last Minutes Defensive
   Center                   Left Wing                Right Wing               Defense                  Defense                  
   Jason Spezza             Patrick Sharp            Joe Pavelski             Maxim Kondratiev         Luke Schenn              

Goaltenders
Starting : Jonathan Bernier         
Backup : Mikael Tellqvist         

Extra Forwards
Normal : Dustin Boyd, Andrew Ebbett, Evgeny Dadonov - PP : Evgeny Dadonov, Brett Maclean - PK : Sidney Crosby
Extra Defensemen
Normal : Maxim Kondratiev, Vitaly Vishnevsky, Wes O'Neill - PP : Luke Schenn - PK : Dennis Wideman, Vitaly Vishnevsky
Penalty Shots
Sidney Crosby, Joe Pavelski, Patrick Sharp, Dustin Boyd, Andrew Ebbett

Scratches
None

Penguins

5 vs 5 Forward 
   Center                   Left Wing                Right Wing               Time % Phy DF OF 
 1 Steven Stamkos           Max Pacioretty           Bobby Ryan               40     0   2  3  
 2 Sam Gagner               Andrew Cogliano          Steve Downie             30     0   2  3  
 3 Dominic Moore            Simon Gagné              Brian McGrattan          20     0   2  3  
 4 Riley Sheahan            D.J King                 Ryan Callahan            10     0   2  3  

5 vs 5 Defense 
   Defense                  Defense                                           Time % Phy DF OF 
 1 Sean Zimmerman           Dion Phaneuf                                      44     0   3  2  
 2 Duncan Keith             Keith Aulie                                       33     0   3  2  
 3 Paul Ranger              Eric Gryba                                        23     0   3  2  
 4 Dion Phaneuf             Sean Zimmerman                                    0      0   3  2  

PowerPlay Forward 
   Center                   Left Wing                Right Wing               Time % Phy DF OF 
 1 Steven Stamkos           Max Pacioretty           Bobby Ryan               60     0   1  4  
 2 Sam Gagner               Andrew Cogliano          Steve Downie             40     0   1  4  

PowerPlay Defense
   Defense                  Defense                                           Time % Phy DF OF 
 1 Sean Zimmerman           Dion Phaneuf                                      60     0   2  3  
 2 Duncan Keith             Keith Aulie                                       40     0   2  3  

Penalty Kill 4 Players Forward 
   Center                   Wing                     Time % Phy DF OF 
 1 Andrew Cogliano          Simon Gagné              60     0   4  1  
 2 Dominic Moore            D.J King                 40     0   4  1  

Penalty Kill 4 Players Defense
   Defense                  Defense                  Time % Phy DF OF 
 1 Sean Zimmerman           Dion Phaneuf             60     0   4  1  
 2 Duncan Keith             Keith Aulie              40     0   4  1  

Penalty Kill - 3 Players Forward 
   Forward                                           Time % Phy DF OF 
 1 Andrew Cogliano                                   60     0   4  1  
 2 Dominic Moore                                     40     0   4  1  

Penalty Kill - 3 Players Defense
   Defense                  Defense                  Time % Phy DF OF 
 1 Sean Zimmerman           Dion Phaneuf             60     0   4  1  
 2 Duncan Keith             Keith Aulie              40     0   4  1  

4 vs 4 Forward 
   Center                   Wing                     Time % Phy DF OF 
 1 Steven Stamkos           Bobby Ryan               60     0   2  3  
 2 Sam Gagner               Andrew Cogliano          40     0   2  3  

4 vs 4 Defense
   Defense                  Defense                  Time % Phy DF OF 
 1 Sean Zimmerman           Dion Phaneuf             60     0   3  2  
 2 Duncan Keith             Keith Aulie              40     0   3  2  

Last Minutes Offensive
   Center                   Left Wing                Right Wing               Defense                  Defense                  
   Steven Stamkos           Max Pacioretty           Bobby Ryan               Sean Zimmerman           Dion Phaneuf             

Last Minutes Defensive
   Center                   Left Wing                Right Wing               Defense                  Defense                  
   Dominic Moore            Andrew Cogliano          Brian McGrattan          Sean Zimmerman           Dion Phaneuf             

Goaltenders
Starting : Brian Elliott            
Backup : Josh Tordjman            

Extra Forwards
Normal : Steven Stamkos, Sam Gagner, Dominic Moore - PP : Steven Stamkos, Sam Gagner - PK : Dominic Moore
Extra Defensemen
Normal : Sean Zimmerman, Duncan Keith, Eric Gryba - PP : Paul Ranger - PK : Dion Phaneuf, Duncan Keith
Penalty Shots
Steven Stamkos, Max Pacioretty, Bobby Ryan, Steve Downie, Ryan Callahan

Scratches
None


% Time on Ice - Canadiens

Lines # - Real PCT - Wanted PCT - Time Play
Normal Forward
1 - 38% - 40% - 17:39
2 - 27% - 30% - 12:32
3 - 21% - 20% - 9:52
4 - 14% - 10% - 6:34
Normal Defense
1 - 38% - 40% - 17:42
2 - 40% - 30% - 18:34
3 - 20% - 20% - 9:14
4 - 2% - 10% - 1:07
PP Forward
1 - 58% - 60% - 7:21
2 - 42% - 40% - 5:24
PP Defense
1 - 77% - 60% - 9:48
2 - 23% - 40% - 2:57
PK Forward
1 - 0% - 60%
2 - 0% - 40%
PK Defense
1 - 0% - 60%
2 - 0% - 40%
PK3 Forward
1 - 0% - 60%
2 - 0% - 40%
PK3 Defense
1 - 0% - 60%
2 - 0% - 40%
44 Forward
1 - 0% - 60%
2 - 0% - 40%
44 Defense
1 - 0% - 60%
2 - 0% - 40%
Last Minute Offensive  - 0:38
Last Minute Defensive  - 0:00
Total
Forward - 60:00
Defense - 60:00

% Time on Ice - Penguins

Lines # - Real PCT - Wanted PCT - Time Play
Normal Forward
1 - 38% - 40% - 17:45
2 - 30% - 30% - 14:06
3 - 19% - 20% - 8:37
4 - 13% - 10% - 5:54
Normal Defense
1 - 43% - 44% - 20:05
2 - 32% - 33% - 14:48
3 - 25% - 23% - 11:29
4 - 0% - 0% - 0:00
PP Forward
1 - 0% - 60%
2 - 0% - 40%
PP Defense
1 - 0% - 60%
2 - 0% - 40%
PK Forward
1 - 76% - 60% - 9:42
2 - 24% - 40% - 3:03
PK Defense
1 - 64% - 60% - 8:06
2 - 36% - 40% - 4:39
PK3 Forward
1 - 0% - 60%
2 - 0% - 40%
PK3 Defense
1 - 0% - 60%
2 - 0% - 40%
44 Forward
1 - 0% - 60%
2 - 0% - 40%
44 Defense
1 - 0% - 60%
2 - 0% - 40%
Last Minute Offensive  - 0:00
Last Minute Defensive  - 0:53
Total
Forward - 60:00
Defense - 60:00

Play by Play

1st period


0:01 of 1st period - Steven Stamkos wins face-off versus Sidney Crosby in neutral zone.
1:18 of 1st period - Snap shot by Bobby Ryan.
1:18 of 1st period - Shot Misses the Net.
1:42 of 1st period - Slapshot by Sidney Crosby.
1:42 of 1st period - Stopped by Brian Elliott with a rebound.
1:44 of 1st period - Slapshot by Adam Pardy.
1:44 of 1st period - Shot Blocked by D.J King.
1:46 of 1st period - Slapshot by Adam Pardy.
1:46 of 1st period - Stopped by Brian Elliott without a rebound.
1:47 of 1st period - Sam Gagner wins face-off versus Jason Spezza in Penguins zone.
2:31 of 1st period - Icing by Maxim Kondratiev.
2:32 of 1st period - Brett Maclean wins face-off versus Dominic Moore in Canadiens zone.
2:37 of 1st period - Wrist shot by Dustin Boyd.
2:37 of 1st period - Stopped by Brian Elliott with a rebound.
4:03 of 1st period - Dominic Moore is hit by Dustin Boyd and loses puck.
4:20 of 1st period - Minor Penalty to Brian McGrattan for Interference.
4:21 of 1st period - Andrew Cogliano wins face-off versus Joe Pavelski in Penguins zone.
4:21 of 1st period - Andrew Cogliano is hit by Sidney Crosby.
4:33 of 1st period - Wrist shot by Sidney Crosby.
4:33 of 1st period - Shot Blocked by Dion Phaneuf.
4:35 of 1st period - Slapshot by Dennis Wideman.
4:35 of 1st period - Goal by Dennis Wideman - Canadiens : 1 - Penguins : 0.
4:36 of 1st period - Steven Stamkos wins face-off versus Sidney Crosby in neutral zone.
5:09 of 1st period - Wrist shot by Andrew Cogliano.
5:09 of 1st period - Shot Blocked by Patrick Sharp.
5:47 of 1st period - Andrew Ebbett is hit by Keith Aulie.
6:10 of 1st period - Snap shot by Steve Downie.
6:10 of 1st period - Shot Blocked by Vitaly Vishnevsky.
6:10 of 1st period - Vitaly Vishnevsky from Canadiens is injured at 6:10 of 1st period (Right Foot).
6:11 of 1st period - Sidney Crosby wins face-off versus Steven Stamkos in Canadiens zone.
7:02 of 1st period - Wrist shot by Bobby Ryan.
7:02 of 1st period - Deflect By Max Pacioretty.
7:02 of 1st period - Stopped by Jonathan Bernier with a rebound.
7:10 of 1st period - Snap shot by Bobby Ryan.
7:10 of 1st period - Shot Blocked by Adam Pardy.
7:20 of 1st period - Snap shot by Steven Stamkos.
7:20 of 1st period - Stopped by Jonathan Bernier without a rebound.
7:21 of 1st period - Andrew Cogliano wins face-off versus Sidney Crosby in Canadiens zone.
7:32 of 1st period - Wrist shot by Sam Gagner.
7:32 of 1st period - Shot Blocked by Luke Schenn.
7:56 of 1st period - Wrist shot by Evgeny Dadonov.
7:56 of 1st period - Shot Misses the Net.
7:58 of 1st period - Snap shot by Dennis Wideman.
7:58 of 1st period - Shot Misses the Net.
8:22 of 1st period - Simon Gagné is hit by David Jones and loses puck.
9:04 of 1st period - Off-side.
9:05 of 1st period - Sam Gagner wins face-off versus Jason Spezza in neutral zone.
9:43 of 1st period - Slapshot by Dion Phaneuf.
9:43 of 1st period - Stopped by Jonathan Bernier without a rebound.
9:44 of 1st period - Sidney Crosby wins face-off versus Sam Gagner in Canadiens zone.
9:55 of 1st period - Wrist shot by Sam Gagner.
9:55 of 1st period - Shot Misses the Net.
10:03 of 1st period - Steve Downie is hit by Sidney Crosby.
10:19 of 1st period - Slapshot by Andrew Ebbett.
10:19 of 1st period - Shot Blocked by Steve Downie.
10:21 of 1st period - Slapshot by Maxim Kondratiev.
10:21 of 1st period - Deflect By Ladislav Nagy.
10:21 of 1st period - Shot Misses the Net.
10:21 of 1st period - Puck is out of play.
10:22 of 1st period - Steven Stamkos wins face-off versus Andrew Ebbett in Penguins zone.
10:31 of 1st period - Wrist shot by Steven Stamkos.
10:31 of 1st period - Shot Misses the Net.
10:33 of 1st period - Slapshot by Eric Gryba.
10:33 of 1st period - Shot Blocked by Luke Schenn.
10:35 of 1st period - Snap shot by Bobby Ryan.
10:35 of 1st period - Stopped by Jonathan Bernier without a rebound.
10:36 of 1st period - Sidney Crosby wins face-off versus Max Pacioretty in Canadiens zone.
10:51 of 1st period - Wrist shot by Sidney Crosby.
10:51 of 1st period - Stopped by Brian Elliott without a rebound.
10:52 of 1st period - Sam Gagner wins face-off versus Jason Spezza in Penguins zone.
11:18 of 1st period - Dion Phaneuf is hit by Sidney Crosby and loses puck.
11:44 of 1st period - Snap shot by Dustin Boyd.
11:44 of 1st period - Stopped by Brian Elliott without a rebound.
11:45 of 1st period - Jason Spezza wins face-off versus Dominic Moore in Penguins zone.
12:17 of 1st period - Slapshot by Dennis Wideman.
12:17 of 1st period - Deflect By Greg Stewart.
12:17 of 1st period - Shot Blocked by Paul Ranger.
12:17 of 1st period - Puck is out of play.
12:18 of 1st period - Steven Stamkos wins face-off versus Sidney Crosby in Penguins zone.
12:45 of 1st period - Snap shot by David Jones.
12:45 of 1st period - Stopped by Brian Elliott with a rebound.
12:55 of 1st period - Dustin Boyd is hit by Steven Stamkos.
13:15 of 1st period - Slapshot by Jason Spezza.
13:15 of 1st period - Shot Hit the Post.
13:17 of 1st period - Slapshot by Evgeny Dadonov.
13:17 of 1st period - Stopped by Brian Elliott without a rebound.
13:18 of 1st period - Sidney Crosby wins face-off versus Riley Sheahan in Penguins zone.
13:50 of 1st period - Off-side.
13:51 of 1st period - Jason Spezza wins face-off versus Andrew Cogliano in neutral zone.
14:06 of 1st period - Slapshot by Evgeny Dadonov.
14:06 of 1st period - Stopped by Brian Elliott with a rebound.
14:12 of 1st period - Minor Penalty to Steve Downie for Hooking.
14:13 of 1st period - Sidney Crosby wins face-off versus Andrew Cogliano in Penguins zone.
14:30 of 1st period - Wrist shot by Sidney Crosby.
14:30 of 1st period - Shot Misses the Net.
14:48 of 1st period - Slapshot by Luke Schenn.
14:48 of 1st period - Deflect By Dion Phaneuf.
14:48 of 1st period - Goal by Luke Schenn - Canadiens : 2 - Penguins : 0.
14:49 of 1st period - Steven Stamkos wins face-off versus Sidney Crosby in neutral zone.
15:12 of 1st period - Luke Schenn is hit by Sean Zimmerman and loses puck.
15:16 of 1st period - Icing by Greg Stewart.
15:17 of 1st period - Sam Gagner wins face-off versus Sidney Crosby in Canadiens zone.
15:34 of 1st period - Wrist shot by Joe Pavelski.
15:34 of 1st period - Stopped by Brian Elliott without a rebound.
15:35 of 1st period - Jason Spezza wins face-off versus Steven Stamkos in Penguins zone.
15:41 of 1st period - Minor Penalty to Steven Stamkos for Roughing.
15:42 of 1st period - Andrew Cogliano wins face-off versus Sidney Crosby in Penguins zone.
16:22 of 1st period - Off-side.
16:23 of 1st period - Dominic Moore wins face-off versus Jason Spezza in neutral zone.
16:26 of 1st period - Slapshot by Duncan Keith.
16:26 of 1st period - Shot Blocked by Adam Pardy.
16:32 of 1st period - Keith Aulie is hit by Jason Spezza and loses puck.
16:51 of 1st period - Dion Phaneuf is hit by Joe Pavelski and loses puck.
17:38 of 1st period - Simon Gagné is hit by Joe Pavelski and loses puck.
17:41 of 1st period - Penalty to Steven Stamkos is over, Steven Stamkos is back on ice.
17:59 of 1st period - Wrist shot by Steven Stamkos.
17:59 of 1st period - Deflect By Simon Gagné.
17:59 of 1st period - Stopped by Jonathan Bernier with a rebound.
18:01 of 1st period - Slapshot by Duncan Keith.
18:01 of 1st period - Shot Blocked by Sidney Crosby.
18:05 of 1st period - Wrist shot by Steven Stamkos.
18:05 of 1st period - Shot Misses the Net.
18:07 of 1st period - Wrist shot by Andrew Cogliano.
18:07 of 1st period - Stopped by Jonathan Bernier without a rebound.
18:08 of 1st period - Dustin Boyd wins face-off versus Riley Sheahan in Canadiens zone.
18:32 of 1st period - Icing by Paul Ranger.
18:33 of 1st period - Andrew Ebbett wins face-off versus Steven Stamkos in Penguins zone.
18:38 of 1st period - Wrist shot by Andrew Ebbett.
18:38 of 1st period - Shot Blocked by Eric Gryba.
19:03 of 1st period - Icing by Adam Pardy.
19:04 of 1st period - Andrew Ebbett wins face-off versus Riley Sheahan in Canadiens zone.
19:29 of 1st period - Slapshot by Ladislav Nagy.
19:29 of 1st period - Stopped by Brian Elliott without a rebound.
19:30 of 1st period - Sam Gagner wins face-off versus Jason Spezza in Penguins zone.
Goals for this period are 2 for Canadiens vs 0 for Penguins.
Shots for this period are 12 for Canadiens vs 6 for Penguins.

2nd period


0:01 of 2nd period - Sam Gagner wins face-off versus Sidney Crosby in neutral zone.
0:05 of 2nd period - Sean Zimmerman is hit by Joe Pavelski and loses puck.
0:14 of 2nd period - Slapshot by Sam Gagner.
0:14 of 2nd period - Shot Misses the Net.
0:16 of 2nd period - Wrist shot by Sam Gagner.
0:16 of 2nd period - Shot Misses the Net.
0:35 of 2nd period - Slapshot by Steven Stamkos.
0:35 of 2nd period - Stopped by Jonathan Bernier without a rebound.
0:36 of 2nd period - Sam Gagner wins face-off versus Jason Spezza in Canadiens zone.
0:39 of 2nd period - Wrist shot by Steve Downie.
0:39 of 2nd period - Goal by Steve Downie - Canadiens : 2 - Penguins : 1.
0:40 of 2nd period - Steven Stamkos wins face-off versus Sidney Crosby in neutral zone.
0:51 of 2nd period - Sean Zimmerman is hit by Joe Pavelski.
1:31 of 2nd period - Snap shot by Brian McGrattan.
1:31 of 2nd period - Stopped by Jonathan Bernier without a rebound.
1:32 of 2nd period - Dominic Moore wins face-off versus Dustin Boyd in Canadiens zone.
1:37 of 2nd period - Snap shot by Brian McGrattan.
1:37 of 2nd period - Stopped by Jonathan Bernier with a rebound.
1:39 of 2nd period - Slapshot by Duncan Keith.
1:39 of 2nd period - Shot Blocked by Luke Schenn.
1:41 of 2nd period - Slapshot by Duncan Keith.
1:41 of 2nd period - Stopped by Jonathan Bernier with a rebound.
1:43 of 2nd period - Slapshot by Keith Aulie.
1:43 of 2nd period - Stopped by Jonathan Bernier with a rebound.
1:59 of 2nd period - Slapshot by Brian McGrattan.
1:59 of 2nd period - Stopped by Jonathan Bernier with a rebound.
2:17 of 2nd period - Snap shot by Brett Maclean.
2:17 of 2nd period - Shot Blocked by Paul Ranger.
2:19 of 2nd period - Snap shot by Luke Schenn.
2:19 of 2nd period - Deflect By Simon Gagné.
2:19 of 2nd period - Stopped by Brian Elliott without a rebound.
2:20 of 2nd period - Steven Stamkos wins face-off versus Sidney Crosby in Penguins zone.
2:33 of 2nd period - Max Pacioretty is hit by Joe Pavelski and loses puck.
3:01 of 2nd period - Andrew Cogliano is hit by Patrick Sharp and loses puck.
3:34 of 2nd period - Minor Penalty to Steven Stamkos for Hooking.
3:35 of 2nd period - Andrew Cogliano wins face-off versus Sidney Crosby in Penguins zone.
3:47 of 2nd period - Slapshot by Sidney Crosby.
3:47 of 2nd period - Shot Blocked by Duncan Keith.
3:49 of 2nd period - Snap shot by Sidney Crosby.
3:49 of 2nd period - Shot Misses the Net.
3:51 of 2nd period - Slapshot by Luke Schenn.
3:51 of 2nd period - Stopped by Brian Elliott with a rebound.
4:43 of 2nd period - Dennis Wideman is hit by Sean Zimmerman and loses puck.
5:34 of 2nd period - Penalty to Steven Stamkos is over, Steven Stamkos is back on ice.
5:38 of 2nd period - Duncan Keith is hit by Brett Maclean and loses puck.
5:43 of 2nd period - Wrist shot by Evgeny Dadonov.
5:43 of 2nd period - Deflect By Brett Maclean.
5:43 of 2nd period - Stopped by Brian Elliott with a rebound.
5:45 of 2nd period - Slapshot by Maxim Kondratiev.
5:45 of 2nd period - Deflect By David Jones.
5:45 of 2nd period - Shot Blocked by Max Pacioretty.
5:45 of 2nd period - Puck is out of play.
5:46 of 2nd period - Steven Stamkos wins face-off versus Dustin Boyd in Penguins zone.
5:57 of 2nd period - Paul Ranger is hit by Dustin Boyd and loses puck.
6:12 of 2nd period - Ladislav Nagy is hit by Paul Ranger and loses puck.
6:32 of 2nd period - Icing by Dominic Moore.
6:33 of 2nd period - Jason Spezza wins face-off versus Dominic Moore in Penguins zone.
6:34 of 2nd period - Slapshot by Evgeny Dadonov.
6:34 of 2nd period - Stopped by Brian Elliott without a rebound.
6:35 of 2nd period - Steven Stamkos wins face-off versus Jason Spezza in Penguins zone.
6:35 of 2nd period - Steven Stamkos is hit by Luke Schenn.
7:07 of 2nd period - Wrist shot by Sidney Crosby.
7:07 of 2nd period - Shot Misses the Net.
7:09 of 2nd period - Snap shot by Joe Pavelski.
7:09 of 2nd period - Shot Misses the Net.
7:11 of 2nd period - Snap shot by Joe Pavelski.
7:11 of 2nd period - Shot Misses the Net.
7:15 of 2nd period - Snap shot by Sidney Crosby.
7:15 of 2nd period - Stopped by Brian Elliott without a rebound.
7:16 of 2nd period - Dustin Boyd wins face-off versus Steven Stamkos in Penguins zone.
7:43 of 2nd period - Keith Aulie is hit by Maxim Kondratiev and loses puck.
8:19 of 2nd period - Minor Penalty to Paul Ranger for Roughing.
8:20 of 2nd period - Sidney Crosby wins face-off versus Andrew Cogliano in Penguins zone.
10:19 of 2nd period - Penalty to Paul Ranger is over, Paul Ranger is back on ice.
10:23 of 2nd period - Sean Zimmerman is hit by Evgeny Dadonov and loses puck.
12:11 of 2nd period - Max Pacioretty is hit by Andrew Ebbett and loses puck.
12:46 of 2nd period - David Jones is hit by Simon Gagné and loses puck.
13:12 of 2nd period - Steven Stamkos is hit by Adam Pardy and loses puck.
13:30 of 2nd period - Keith Aulie is hit by Greg Stewart and loses puck.
13:49 of 2nd period - Slapshot by Evgeny Dadonov.
13:49 of 2nd period - Shot Misses the Net.
13:59 of 2nd period - Joe Pavelski is hit by Andrew Cogliano and loses puck.
14:22 of 2nd period - Evgeny Dadonov is hit by D.J King and loses puck.
14:29 of 2nd period - Wes O'Neill is hit by Sean Zimmerman and loses puck.
14:44 of 2nd period - Adam Pardy is hit by Dominic Moore and loses puck.
15:52 of 2nd period - Paul Ranger is hit by Jiri Tlusty and loses puck.
15:59 of 2nd period - Luke Schenn is hit by Brian McGrattan and loses puck.
16:10 of 2nd period - Snap shot by D.J King.
16:10 of 2nd period - Shot Blocked by Luke Schenn.
16:33 of 2nd period - Steve Downie is hit by Sidney Crosby and loses puck.
17:50 of 2nd period - Max Pacioretty is hit by Ladislav Nagy and loses puck.
17:58 of 2nd period - Icing by Paul Ranger.
17:59 of 2nd period - Sidney Crosby wins face-off versus Steven Stamkos in Penguins zone.
18:02 of 2nd period - Wrist shot by Evgeny Dadonov.
18:02 of 2nd period - Stopped by Brian Elliott without a rebound.
18:03 of 2nd period - Steven Stamkos wins face-off versus Jason Spezza in Penguins zone.
18:34 of 2nd period - Off-side.
18:35 of 2nd period - Sam Gagner wins face-off versus Joe Pavelski in neutral zone.
Goals for this period are 0 for Canadiens vs 1 for Penguins.
Shots for this period are 6 for Canadiens vs 7 for Penguins.

3rd period


0:01 of 3rd period - Sidney Crosby wins face-off versus Steven Stamkos in neutral zone.
0:06 of 3rd period - Dion Phaneuf is hit by Luke Schenn and loses puck.
0:47 of 3rd period - Snap shot by Dustin Boyd.
0:47 of 3rd period - Stopped by Brian Elliott with a rebound.
0:49 of 3rd period - Snap shot by David Jones.
0:49 of 3rd period - Shot Blocked by Keith Aulie.
0:51 of 3rd period - Slapshot by Wes O'Neill.
0:51 of 3rd period - Shot Blocked by Dominic Moore.
0:53 of 3rd period - Snap shot by Brett Maclean.
0:53 of 3rd period - Stopped by Brian Elliott without a rebound.
0:54 of 3rd period - Sidney Crosby wins face-off versus Steven Stamkos in Penguins zone.
1:47 of 3rd period - Steve Downie is hit by Andrew Ebbett and loses puck.
1:58 of 3rd period - Snap shot by Andrew Ebbett.
1:58 of 3rd period - Stopped by Brian Elliott with a rebound.
2:01 of 3rd period - Icing by Sean Zimmerman.
2:02 of 3rd period - Sam Gagner wins face-off versus Sidney Crosby in Penguins zone.
2:13 of 3rd period - Wrist shot by Sam Gagner.
2:13 of 3rd period - Goal by Sam Gagner - Canadiens : 2 - Penguins : 2.
2:14 of 3rd period - Sidney Crosby wins face-off versus Steven Stamkos in neutral zone.
2:17 of 3rd period - Steven Stamkos is hit by Sidney Crosby and loses puck.
2:26 of 3rd period - Wrist shot by Greg Stewart.
2:26 of 3rd period - Stopped by Brian Elliott without a rebound.
2:27 of 3rd period - Sidney Crosby wins face-off versus Steven Stamkos in Penguins zone.
2:50 of 3rd period - Minor Penalty to Steven Stamkos for Interference.
2:51 of 3rd period - Andrew Cogliano wins face-off versus Sidney Crosby in Penguins zone.
4:50 of 3rd period - Penalty to Steven Stamkos is over, Steven Stamkos is back on ice.
5:25 of 3rd period - Steve Downie is hit by Jiri Tlusty and loses puck.
6:07 of 3rd period - Bobby Ryan is hit by Evgeny Dadonov and loses puck.
6:33 of 3rd period - Andrew Cogliano is hit by Brett Maclean.
7:27 of 3rd period - Duncan Keith is hit by Patrick Sharp and loses puck.
8:06 of 3rd period - Riley Sheahan is hit by Maxim Kondratiev and loses puck.
8:19 of 3rd period - Max Pacioretty is hit by Evgeny Dadonov and loses puck.
8:51 of 3rd period - Snap shot by Evgeny Dadonov.
8:51 of 3rd period - Goal by Evgeny Dadonov - Canadiens : 3 - Penguins : 2.
8:52 of 3rd period - Sidney Crosby wins face-off versus Steven Stamkos in neutral zone.
8:55 of 3rd period - Bobby Ryan is hit by Greg Stewart and loses puck.
9:10 of 3rd period - Bobby Ryan is hit by Luke Schenn and loses puck.
9:22 of 3rd period - Paul Ranger is hit by Evgeny Dadonov and loses puck.
9:27 of 3rd period - Wrist shot by Andrew Cogliano.
9:27 of 3rd period - Shot Blocked by Luke Schenn.
9:29 of 3rd period - Slapshot by Sean Zimmerman.
9:29 of 3rd period - Shot Misses the Net.
9:31 of 3rd period - Wrist shot by Steve Downie.
9:31 of 3rd period - Deflect By Sam Gagner.
9:31 of 3rd period - Goal by Sam Gagner - Canadiens : 3 - Penguins : 3.
9:32 of 3rd period - Sidney Crosby wins face-off versus Steven Stamkos in neutral zone.
9:37 of 3rd period - Maxim Kondratiev is hit by Steven Stamkos and loses puck.
9:44 of 3rd period - Slapshot by Wes O'Neill.
9:44 of 3rd period - Stopped by Brian Elliott with a rebound.
9:58 of 3rd period - Snap shot by Jason Spezza.
9:58 of 3rd period - Stopped by Brian Elliott without a rebound.
9:59 of 3rd period - Jason Spezza wins face-off versus Sam Gagner in Penguins zone.
10:03 of 3rd period - Slapshot by Dennis Wideman.
10:03 of 3rd period - Stopped by Brian Elliott without a rebound.
10:04 of 3rd period - Steven Stamkos wins face-off versus Sidney Crosby in Penguins zone.
10:06 of 3rd period - Minor Penalty to Dion Phaneuf for Cross-checking.
10:07 of 3rd period - Andrew Cogliano wins face-off versus Sidney Crosby in Penguins zone.
10:15 of 3rd period - Dennis Wideman is hit by Andrew Cogliano and loses puck.
10:24 of 3rd period - Wrist shot by Simon Gagné.
10:24 of 3rd period - Stopped by Jonathan Bernier with a rebound.
11:17 of 3rd period - Icing by Adam Pardy.
11:18 of 3rd period - Dominic Moore wins face-off versus Jason Spezza in Canadiens zone.
11:23 of 3rd period - Snap shot by D.J King.
11:23 of 3rd period - Stopped by Jonathan Bernier without a rebound.
11:24 of 3rd period - Simon Gagné wins face-off versus Sidney Crosby in Canadiens zone.
11:41 of 3rd period - Wrist shot by Dennis Wideman.
11:41 of 3rd period - Shot Misses the Net.
12:05 of 3rd period - Dennis Wideman is hit by D.J King and loses puck.
12:06 of 3rd period - Penalty to Dion Phaneuf is over, Dion Phaneuf is back on ice.
12:24 of 3rd period - Snap shot by Dustin Boyd.
12:24 of 3rd period - Shot Misses the Net.
12:42 of 3rd period - Snap shot by D.J King.
12:42 of 3rd period - Stopped by Jonathan Bernier with a rebound.
12:44 of 3rd period - Wrist shot by D.J King.
12:44 of 3rd period - Stopped by Jonathan Bernier without a rebound.
12:45 of 3rd period - Steven Stamkos wins face-off versus Sidney Crosby in Canadiens zone.
12:46 of 3rd period - Slapshot by Bobby Ryan.
12:46 of 3rd period - Shot Hit the Post.
13:02 of 3rd period - Snap shot by Sidney Crosby.
13:02 of 3rd period - Stopped by Brian Elliott without a rebound.
13:03 of 3rd period - Sam Gagner wins face-off versus Jason Spezza in Penguins zone.
13:19 of 3rd period - Icing by Eric Gryba.
13:20 of 3rd period - Sidney Crosby wins face-off versus Sam Gagner in Penguins zone.
13:47 of 3rd period - Wrist shot by Steven Stamkos.
13:47 of 3rd period - Goal by Steven Stamkos - Canadiens : 3 - Penguins : 4.
13:48 of 3rd period - Sidney Crosby wins face-off versus Bobby Ryan in neutral zone.
14:01 of 3rd period - Wrist shot by Bobby Ryan.
14:01 of 3rd period - Stopped by Jonathan Bernier without a rebound.
14:02 of 3rd period - Sidney Crosby wins face-off versus Steven Stamkos in Canadiens zone.
14:19 of 3rd period - Dennis Wideman is hit by Dion Phaneuf and loses puck.
14:36 of 3rd period - Wrist shot by Evgeny Dadonov.
14:36 of 3rd period - Stopped by Brian Elliott without a rebound.
14:37 of 3rd period - Jason Spezza wins face-off versus Sam Gagner in Penguins zone.
14:44 of 3rd period - Slapshot by Keith Aulie.
14:44 of 3rd period - Stopped by Jonathan Bernier without a rebound.
14:45 of 3rd period - Sam Gagner wins face-off versus Sidney Crosby in Canadiens zone.
14:58 of 3rd period - Slapshot by Wes O'Neill.
14:58 of 3rd period - Deflect By Sidney Crosby.
14:58 of 3rd period - Shot Blocked by Duncan Keith.
14:58 of 3rd period - Puck is out of play.
14:59 of 3rd period - Steven Stamkos wins face-off versus Sidney Crosby in Penguins zone.
15:12 of 3rd period - Slapshot by Joe Pavelski.
15:12 of 3rd period - Stopped by Brian Elliott without a rebound.
15:13 of 3rd period - Dustin Boyd wins face-off versus Dominic Moore in Penguins zone.
15:26 of 3rd period - Snap shot by Brian McGrattan.
15:26 of 3rd period - Shot Blocked by David Jones.
15:28 of 3rd period - Snap shot by Simon Gagné.
15:28 of 3rd period - Stopped by Jonathan Bernier with a rebound.
15:52 of 3rd period - Snap shot by Ryan Callahan.
15:52 of 3rd period - Deflect By Riley Sheahan.
15:52 of 3rd period - Shot Misses the Net.
15:52 of 3rd period - Puck is out of play.
15:53 of 3rd period - Joe Pavelski wins face-off versus Dominic Moore in Canadiens zone.
16:03 of 3rd period - Minor Penalty to Simon Gagné for Hooking.
16:04 of 3rd period - Andrew Cogliano wins face-off versus Sidney Crosby in Penguins zone.
16:15 of 3rd period - Backhand shot by Dennis Wideman.
16:15 of 3rd period - Stopped by Brian Elliott with a rebound.
16:17 of 3rd period - Slapshot by Luke Schenn.
16:17 of 3rd period - Shot Blocked by Dion Phaneuf.
16:31 of 3rd period - Jason Spezza is hit by Andrew Cogliano and loses puck.
17:11 of 3rd period - Dennis Wideman is hit by Duncan Keith and loses puck.
18:02 of 3rd period - Snap shot by Brett Maclean.
18:02 of 3rd period - Deflect By David Jones.
18:02 of 3rd period - Stopped by Brian Elliott with a rebound.
18:03 of 3rd period - Penalty to Simon Gagné is over, Simon Gagné is back on ice.
18:04 of 3rd period - Slapshot by Evgeny Dadonov.
18:04 of 3rd period - Shot Hit the Post.
18:10 of 3rd period - Wrist shot by Dominic Moore.
18:10 of 3rd period - Stopped by Jonathan Bernier with a rebound.
18:12 of 3rd period - Slapshot by Keith Aulie.
18:12 of 3rd period - Shot Misses the Net.
18:14 of 3rd period - Wrist shot by Simon Gagné.
18:14 of 3rd period - Shot Blocked by Maxim Kondratiev.
18:22 of 3rd period - Slapshot by Dominic Moore.
18:22 of 3rd period - Shot Misses the Net.
18:24 of 3rd period - Snap shot by Max Pacioretty.
18:24 of 3rd period - Stopped by Jonathan Bernier with a rebound.
18:26 of 3rd period - Slapshot by Keith Aulie.
18:26 of 3rd period - Stopped by Jonathan Bernier without a rebound.
18:27 of 3rd period - Jason Spezza wins face-off versus Sam Gagner in Canadiens zone.
19:06 of 3rd period - Canadiens, Jonathan Bernier is pulled from the net.
19:27 of 3rd period - Snap shot by Andrew Ebbett.
19:27 of 3rd period - Deflect By Dustin Boyd.
19:27 of 3rd period - Goal by Dustin Boyd - Canadiens : 4 - Penguins : 4.
19:27 of 3rd period - Jonathan Bernier from Canadiens was sent back in the game.
19:28 of 3rd period - Dustin Boyd wins face-off versus Riley Sheahan in neutral zone.
19:43 of 3rd period - Slapshot by Ryan Callahan.
19:43 of 3rd period - Stopped by Jonathan Bernier without a rebound.
19:44 of 3rd period - Dominic Moore wins face-off versus Jason Spezza in Canadiens zone.
19:45 of 3rd period - Snap shot by Simon Gagné.
19:45 of 3rd period - Shot Misses the Net.
19:47 of 3rd period - Slapshot by Dion Phaneuf.
19:47 of 3rd period - Shot Blocked by Luke Schenn.
19:49 of 3rd period - Snap shot by Dominic Moore.
19:49 of 3rd period - Goal by Dominic Moore - Canadiens : 4 - Penguins : 5.
19:50 of 3rd period - Dominic Moore wins face-off versus Sidney Crosby in neutral zone.
19:59 of 3rd period - Wrist shot by Andrew Cogliano.
19:59 of 3rd period - Shot Misses the Net.
Goals for this period are 2 for Canadiens vs 4 for Penguins.
Shots for this period are 14 for Canadiens vs 15 for Penguins.